[Event "FIDE WSCC 65 2022"]
[Site "Assisi"]
[Date "2022.11.19"]
[Round "5.10"]
[White "Bogdanov, Valentin"]
[Black "Hutchinson, Paul A"]
[Result "1-0"]
[ECO "B11"]
[WhiteElo "2323"]
[BlackElo "2148"]
[Annotator "TA"]
[PlyCount "117"]
[EventDate "2022.11.14"]
[EventType "swiss"]
[EventCountry "ITA"]
[SourceTitle "playchess.com"]
[Source "ChessBase"]
[SourceQuality "1"]
[TimeControl "40/5400+30:1800+30"]

1. e4 c6 2. Nc3 d5 3. Nf3 Bg4 4. h3 Bxf3 5. Qxf3 e6 6. d3 Nd7 7. Qg3 {[%emt 0:02:49] 7.Be2 is setting a new trend. B11: Caro-Kann: Two Knights Variation.} Ne7 8. Be2 {[%emt 0:02:27] [#]} d4 $146 ({Predecessor:} 8... g6 9. O-O Bg7 10. Kh1 O-O 11. f4 Kh8 12. Bf3 b5 13. a3 a5 14. Qe1 Rb8 {1-0 (69) McShane,L (2672)-Rodshtein,M (2674) Batumi 2018}) 9. Nd1 {[%emt 0:01:05] White is slightly better.} Ng6 10. O-O e5 11. c3 c5 12. f4 exf4 13. Bxf4 Nxf4 14. Qxf4 {[%emt 0:00:23][%csl Gf1][%cal Rf4f7] [#]} Qe7 15. Nf2 ({White should try} 15. Rc1 $14) 15... Qe5 16. Qxe5+ Nxe5 17. Ng4 Nc6 18. Bd1 h5 19. Nh2 Be7 20. Ba4 Rc8 21. cxd4 cxd4 22. Rac1 Rh6 (22... O-O $11) 23. Nf3 (23. Rf5 $142) 23... a6 24. a3 {[%emt 0:08:12] White is more active.} (24. Ne5 $16) 24... Kd8 $1 $14 25. Rc2 $36 {[%emt 0:03:24][%mdl 2048] White has some pressure.} Bd6 (25... Rc7 $14) 26. Bxc6 $18 Rxc6 27. Rxc6 (27. Nxd4 Bc5 28. Rxc5 Rxc5 29. Rxf7 Rd6 $15) 27... bxc6 {[%emt 0:00:04][%mdl 4096] Endgame KRB-KRN} 28. Ng5 ({Don't go for} 28. Nxd4 $2 Bc5 29. Rxf7 Bxd4+ 30. Kf1 Bxb2 $19) 28... Kc7 (28... Rg6 $16) 29. Nxf7 Rg6 30. Nxd6 Rxd6 {[%emt 0:00:29] KR-KR. This move loses the game for Black.} (30... Kxd6 $16 31. Kh2 h4) 31. Rf7+ Kb6 32. Rxg7 c5 33. Rg5 h4 34. Kf2 Rc6 35. Ke2 a5 36. e5 Kb5 (36... Kc7 $142 37. Kf3 c4 38. Rg7+ Kc8) 37. b3 a4 38. bxa4+ Kxa4 39. Kf3 Kb3 40. Ke4 c4 41. dxc4 ({And not} 41. Kd5 {[#]} cxd3 $1 42. Kxc6 d2 $11) 41... Kc3 42. Rg8 ({Weaker is} 42. Kd5 d3 $11) 42... d3 43. Rd8 d2 44. Ke3 Re6 45. Rd3+ Kxc4 46. Rxd2 Rxe5+ 47. Kf4 Re8 48. Kg5 Re4 49. Rf2 Kb3 50. Rf4 Re2 51. Rg4 Kxa3 52. Kxh4 Re5 {[%emt 0:01:07] White mates.} 53. Rf4 Kb3 54. g4 Kc3 55. g5 Re8 56. g6 Rg8 57. Kg5 Kd3 58. h4 Ke3 59. h5 {[%emt 0:00:14] Weighted Error Value: White=0.18 (very precise) /Black=0.41} 1-0

[Event "FIDE WSCC 65 2022"]
[Site "Assisi"]
[Date "2022.11.19"]
[Round "5.11"]
[White "Chan, Peng Kong"]
[Black "Renman, Nils-Gustaf"]
[Result "1/2-1/2"]
[ECO "A13"]
[WhiteElo "2149"]
[BlackElo "2320"]
[Annotator "TA"]
[PlyCount "73"]
[EventDate "2022.11.14"]
[EventType "swiss"]
[EventCountry "ITA"]
[SourceTitle "playchess.com"]
[Source "ChessBase"]
[SourceQuality "1"]
[TimeControl "40/5400+30:1800+30"]

1. Nf3 d5 2. c4 e6 3. g3 Nf6 4. Bg2 dxc4 5. Qa4+ Bd7 6. Qxc4 Bc6 7. O-O a6 {[%emt 0:03:04] A13: English Opening: 1...e6.} 8. Qc2 b5 9. a4 b4 {[%emt 0:01:19] White is slightly better.} 10. d3 Bb7 11. Nbd2 {[%emt 0:01:22] [#]} a5 $146 ({Predecessor:} 11... Nbd7 12. a5 Be7 13. Nc4 O-O 14. e4 h6 15. Bf4 Rc8 16. Rfe1 g5 17. Be3 c5 {1-0 (30) Sunye Neto,J (2485)-Osipi,J (2144) Curitiba 2018}) 12. Nc4 Be7 13. Bd2 O-O 14. Rac1 c5 15. Rfd1 Nbd7 16. e4 Nb6 17. Nfe5 Nxc4 18. Nxc4 Nd7 19. Be3 Qc7 20. f4 Rfc8 21. b3 Bf6 22. e5 Be7 23. Be4 f5 24. Bxb7 {[%emt 0:04:55] White has more active pieces.} (24. exf6 $5 Nxf6 25. Bxb7 Qxb7 26. Re1 $14) 24... Qxb7 25. Qg2 Qd5 (25... Qa6 $14) 26. Bf2 g6 27. Rc2 Ra6 28. Ne3 (28. d4 $16) 28... Qxg2+ 29. Kxg2 Nb6 30. Rdc1 Rd8 {[%emt 0:00:34] The position is equal.} 31. Rd1 Ra7 32. Kf3 Rad7 33. Ke2 Kf7 34. Be1 Rd4 35. Bf2 {[%emt 0:01:25] Strongly threatening Nc4.} R4d7 36. Be1 Rd4 37. Bf2 {[%emt 0:00:09] Weighted Error Value: White=0.11 (very precise) /Black=0.09 (flawless)} 1/2-1/2

[Event "FIDE WSCC 65 2022"]
[Site "Assisi"]
[Date "2022.11.19"]
[Round "5.12"]
[White "Cocozza, Mario"]
[Black "Strutinskaia, Galina"]
[Result "1/2-1/2"]
[ECO "B31"]
[WhiteElo "2298"]
[BlackElo "2137"]
[Annotator "TA"]
[PlyCount "44"]
[EventDate "2022.11.14"]
[EventType "swiss"]
[EventCountry "ITA"]
[SourceTitle "playchess.com"]
[Source "ChessBase"]
[SourceQuality "1"]
[TimeControl "40/5400+30:1800+30"]

1. e4 c5 2. Nf3 Nc6 3. Bb5 g6 4. Bxc6 bxc6 5. O-O Bg7 6. c3 d6 {[%emt 0:07:37] B31: Sicilian: 2...Nc6 3 Bb5 g6.} 7. d4 {[%emt 0:11:52] White wants to play dxc5.} cxd4 8. cxd4 Nf6 {[%emt 0:08:07] The position is equal.} 9. Nc3 O-O 10. h3 Nd7 11. Re1 c5 12. Be3 Bb7 {[%emt 0:07:52] [#]} 13. Qd2 $146 ({Predecessor:} 13. Rc1 Qa5 14. a3 cxd4 15. Bxd4 Ne5 16. Nxe5 dxe5 17. Be3 Rfd8 18. Qb3 Rab8 19. Qa4 Qxa4 20. Nxa4 {1-0 (34) Vyskocil,N (2354)-Bakalarz,M (2321) Olomouc 2002}) 13... cxd4 14. Bxd4 Nf6 15. Qd3 Qa5 16. a3 Qa6 17. Qxa6 Bxa6 {[%emt 0:00:08] A strong pair of Bishops.} 18. Nd5 (18. e5 $14 {deserves consideration.} dxe5 19. Rxe5) 18... Nxd5 $11 19. exd5 Rfe8 20. Rac1 Bb7 21. Rc7 Bxd5 22. Bxg7 Kxg7 {[%emt 0:00:34] Weighted Error Value: White=0.08 (flawless) /Black=0.06 (flawless)} 1/2-1/2

[Event "FIDE WSCC 65 2022"]
[Site "Assisi"]
[Date "2022.11.19"]
[Round "5.13"]
[White "Thuesen, Mogens"]
[Black "Roos, Louis"]
[Result "0-1"]
[ECO "D53"]
[WhiteElo "2115"]
[BlackElo "2293"]
[Annotator "TA"]
[PlyCount "112"]
[EventDate "2022.11.14"]
[EventType "swiss"]
[EventCountry "ITA"]
[SourceTitle "playchess.com"]
[Source "ChessBase"]
[SourceQuality "1"]
[TimeControl "40/5400+30:1800+30"]

1. d4 d5 2. c4 c6 3. Nf3 Nf6 4. Nc3 e6 5. Bg5 Be7 6. e3 Nbd7 7. cxd5 Nxd5 8. Bxe7 Qxe7 9. Nxd5 exd5 10. Bd3 {[%emt 0:00:18] D53: Queen's Gambit Declined: 4 Bg5 Be7: Early deviations.} Nf6 11. Ne5 {[%emt 0:01:52] [#]} Ne4 $146 ({Predecessor:} 11... Qb4+ 12. Qd2 Qxd2+ 13. Kxd2 Ng4 14. Nxg4 Bxg4 15. b4 a6 16. Rhc1 Ke7 17. a4 Bd7 {½-½ (38) Vida,K (1839)-Nagy,I (1814) Hungary 2016}) 12. Bxe4 {[%emt 0:09:00] The position is equal.} dxe4 13. O-O O-O 14. f4 exf3 15. Rxf3 f6 16. Nd3 Bg4 {[%emt 0:01:27][%cal Bc8g4,Bg4e6,Be6d5][%mdl 32] ...Rf7 is the strong threat.} 17. Qb3+ Be6 18. Qc3 Bd5 19. Rg3 Rad8 20. a3 Kh8 21. Qc5 Qxc5 22. Nxc5 Rfe8 (22... b6 $5 23. Nd3 Rfe8 $15) 23. b4 (23. Nxb7 $5 Rb8 24. Nd6 $11) 23... Re7 24. Kf2 g6 25. Rc1 Kg7 26. h4 a5 27. bxa5 Ra8 $1 28. Rb1 Rxa5 29. Rxb7 Rxb7 30. Nxb7 Rxa3 $11 {[%emt 0:04:58][%mdl 4096] Endgame KRB-KRN} 31. Nc5 (31. e4 $5 Ra2+ 32. Ke3 $11) 31... Ra2+ 32. Kg1 f5 33. h5 Kh6 34. hxg6 hxg6 35. Nd3 {[%emt 0:01:00] [#]} (35. Nd7 $15) 35... g5 $1 $17 {[%emt 0:00:35] aiming for ...g4.} 36. Rh3+ Kg7 {[%emt 0:01:26] Black has more active pieces.} 37. Nf2 (37. Rh5 $17 {was called for.}) 37... Ra1+ 38. Kh2 Rf1 {[%emt 0:00:17] Against e4} ({Black should try} 38... Ra4 $19 39. Nd3 Ra2) 39. Nd3 {[%emt 0:01:45] Loses the game.} (39. e4 $17 {was the only defense.} fxe4 40. Ng4) 39... Rd1 $19 40. Ne5 Rd2 41. Nf3 $2 (41. Kg1 Rxg2+ 42. Kf1) 41... Re2 {[%emt 0:08:52] And now ...g4 would win.} 42. Rg3 {[%emt 0:00:00] Prevents g4.} g4 ({Inferior is} 42... Rxe3 43. Nh4 Re4 44. Rxg5+ Kf7 45. Rxf5+ Ke6 46. Re5+ Rxe5 47. dxe5 $11) 43. Ne5 Kf6 44. Nd3 Be4 45. Nf4 Re1 46. Nh5+ Kg5 47. Nf4 Rd1 48. Ne6+ Kh6 49. Nc5 Kh5 {[%emt 0:00:47] Hoping for ...Kh4.} 50. Ne6 Bd5 51. Nf4+ Kh6 52. Ne2 Re1 {[%emt 0:00:41] Inhibits e4.} 53. Nc3 (53. Nf4) 53... Kh5 54. Na4 Kh4 {[%emt 0:02:01][%cal Oe1h1] ( -> ...Rh1+!)} 55. Nc3 Be4 56. Na4 {[%emt 0:00:00] [#]} Rh1+ $3 {[%emt 0:00:51][%mdl 512] Weighted Error Value: White=0.48/Black=0.15 (very precise)} 0-1

[Event "FIDE WSCC 65 2022"]
[Site "Assisi"]
[Date "2022.11.19"]
[Round "5.14"]
[White "Binham, Timothy F."]
[Black "Taylor, Timothy"]
[Result "1-0"]
[ECO "B00"]
[WhiteElo "2284"]
[BlackElo "2118"]
[Annotator "TA"]
[PlyCount "95"]
[EventDate "2022.11.14"]
[EventType "swiss"]
[EventCountry "ITA"]
[SourceTitle "playchess.com"]
[Source "ChessBase"]
[SourceQuality "1"]
[TimeControl "40/5400+30:1800+30"]

1. e4 e6 2. Nf3 b6 3. d4 Bb7 4. Bd3 d6 5. O-O Nd7 6. c4 (6. d5 {is more complex.} exd5 7. exd5 Bxd5 8. Nd4) 6... g6 {[%emt 0:00:24] B00: Queen's Fianchetto Defence, Nimzowitsch Defence.} 7. Nc3 Bg7 8. Bg5 Ne7 {[%emt 0:00:09] White is better.} 9. Qd2 h6 10. Be3 a6 11. Rad1 g5 {[%emt 0:01:22] [#]} 12. d5 $146 ({Predecessor:} 12. Ne1 Ng6 13. e5 dxe5 14. Bxg6 fxg6 15. dxe5 Nxe5 16. Qe2 Qe7 17. Bd4 Qf6 18. f4 gxf4 {0-1 (35) Biro,Z (2065)-Rinyu,J (2058) Hungary 2010}) 12... e5 13. h4 {[%emt 0:06:23] White is more active.} Ng6 14. hxg5 hxg5 15. Bxg5 Nf6 16. Rfe1 (16. Ne2 $16) 16... Qd7 $14 17. Be2 (17. b4 $16) 17... Nh5 {[%emt 0:04:14] [#]} (17... Ng4 $11 {keeps the balance.}) 18. Nh2 $1 $16 {[%emt 0:01:48] Black must now prevent Bg4.} f6 19. Bg4 Qe7 20. Be3 Nhf4 21. g3 Bh6 22. f3 Nh3+ 23. Bxh3 (23. Kg2 $16 Qg7 24. Rh1 (24. Bxh6 Rxh6 25. Qc2 Qh7 $16)) 23... Bxe3+ $11 24. Rxe3 (24. Qxe3 {looks sharper.} Rxh3 25. Kg2 Bc8 26. Rh1) 24... Rxh3 25. Qg2 Rh5 26. Kf2 $36 {[%emt 0:08:12][%mdl 2048] Black is under pressure.} O-O-O 27. Ree1 Kb8 28. Rh1 Rg5 29. Ng4 Bc8 30. Ne3 Rg8 (30... f5 $1 $11) 31. Rdg1 $16 f5 32. exf5 Bxf5 {[%emt 0:00:00] [#] Threatens to win with ...Bd3.} 33. Qf1 {[%emt 0:00:47][%cal Oc4c5] Against Bd3} Nf8 34. c5 Bc8 (34... Nd7 $142) 35. Ne4 dxc5 (35... bxc5 $16 {was called for.} 36. Nxg5 Qxg5) 36. Nxg5 $18 Qxg5 37. Qd3 Qf6 38. Qe4 Qd6 (38... b5 {might work better.} 39. b3 Nd7) 39. Rh5 {[%emt 0:00:22] And now Rgh1 would win.} Ng6 $2 (39... Nd7 {was worth a try.} 40. Nc4 Qf8) 40. Rh6 Qf6 41. Rgh1 Qg7 42. Rh7 Qf8 43. R1h6 Qe8 (43... Qf6 $142 44. b3 b5) 44. Nc4 {[%emt 0:00:00] Hoping for d6.} Qa4 45. d6 cxd6 46. Rxg6 {[%emt 0:00:00] White mates.} Rxg6 47. Qxg6 Qxc4 48. Qxd6+ {[%emt 0:00:00] Weighted Error Value: White=0.17 (very precise) /Black=0.43} 1-0

[Event "FIDE WSCC 65 2022"]
[Site "Assisi"]
[Date "2022.11.19"]
[Round "5.15"]
[White "Lanc, Alois"]
[Black "Tocco, Paolo"]
[Result "0-1"]
[ECO "B00"]
[WhiteElo "2268"]
[BlackElo "2033"]
[Annotator "TA"]
[PlyCount "58"]
[EventDate "2022.11.14"]
[EventType "swiss"]
[EventCountry "ITA"]
[SourceTitle "playchess.com"]
[Source "ChessBase"]
[SourceQuality "1"]
[TimeControl "40/5400+30:1800+30"]

1. e4 Nc6 2. Nf3 f5 3. exf5 d5 4. Bb5 Bxf5 5. d4 e6 6. O-O {[%emt 0:02:23] B00: Queen's Fianchetto Defence, Nimzowitsch Defence.} (6. Ne5 {is more complex.} Nge7 7. Nc3 a6 8. Ba4) 6... Bd6 7. c4 dxc4 $1 {[%emt 0:03:34] [#]} 8. Nc3 $146 {[%emt 0:02:58] d5 is the strong threat. White is slightly better.} ({Predecessor:} 8. d5 exd5 9. Nd4 Nge7 10. Nxf5 Nxf5 11. Re1+ Kf8 12. Qf3 Ncd4 13. Qh3 Qh4 14. Qxh4 Nxh4 {0-1 (20) Colbow,C (2068)-Schneider,I (2512) Playchess.com INT 2021}) 8... Nge7 9. Re1 O-O 10. Bxc4 Qd7 11. Qe2 Nd8 ({Black should try} 11... Rae8 $14) 12. h3 Nec6 13. a3 Kh8 14. g4 ({Better is} 14. Be3 $16) 14... Bg6 $14 15. Be3 e5 (15... Nf7 $14 {was preferrable.}) 16. dxe5 $16 Nxe5 17. Nxe5 Bxe5 18. Rad1 Qc6 19. Bd5 Qf6 20. Bg2 (20. Qd2 $16) 20... Ne6 $14 {[%emt 0:03:50] Prevents Bg5.} 21. Nd5 $36 {[%emt 0:02:33][%mdl 2048] White has the initiative.} Qh4 22. Rf1 (22. Qd2 $14 c6 23. f4 cxd5 24. fxe5) 22... Bd6 {[%emt 0:01:27] [#] Black is more active.} (22... Rae8 $1 $15 {keeps the upper hand.} 23. Qd2 Rf3) 23. f4 $1 $16 {[%emt 0:03:35] Threatens to win with Bf2.} Rae8 24. Qd2 Nc5 {[%emt 0:01:07] [#]} ({Black should play} 24... Bf7 $14) 25. Bf2 $1 $18 (25. Nxc7 $6 Ne4 26. Qa5 b6 27. Qxa7 (27. Nxe8 bxa5 28. Nxd6 Nxd6 $11) 27... Re7 $16) 25... Qd8 26. f5 Bf7 27. Nc3 {[%emt 0:01:09] Against Ne4} (27. f6 $18 Ne6 28. fxg7+ (28. Bxa7 b6 $16) 28... Nxg7 29. Bd4 (29. Bxa7 b6 $14) 29... Bxd5 30. Bxd5 (30. Bxg7+ Kxg7 31. Bxd5 Qh4 $11)) 27... Bb3 $11 28. f6 $2 (28. Qd4 $11 {and White has nothing to worry.}) 28... gxf6 $19 ({Stronger than} 28... Qxf6 29. Rde1 $17) 29. Bd4 (29. Nb5 $142 Bxd1 30. Rxd1) 29... Bxd1 {[%emt 0:00:13] Weighted Error Value: White=0.38/Black=0.19 (very precise)} 0-1